 Dungeon Crawl Stone Soup version 0.28-a0-1374-ga75cb3825e (webtiles) character file.

Game seed: 6359753969014376667

1363 Turgor the Destroyer (level 8, -1/48 HPs)
             Began as a Tengu Conjurer on Jan 1, 2022.
             Was a Believer of Vehumet.
             Slain by Duvessa (8 damage)
             ... on level 7 of the Dungeon.
             The game lasted 01:05:47 (7264 turns).

Turgor the Destroyer (Tengu Conjurer)               Turns: 7264, Time: 01:05:47

Health: -1/48      AC:  4    Str: 11    XL:     8   Next: 64%
Magic:  1/18       EV: 14    Int: 19    God:    Vehumet [**....]
Gold:   309        SH:  0    Dex: 13    Spells: 3/19 levels left

rFire   . . .      SeeInvis .   z - +0 dagger (venom)
rCold   + . .      Faith    .   (no shield)
rNeg    . . .      Spirit   .   a - +0 robe
rPois   +          Reflect  .   (helmet restricted)
rElec   .          Harm     .   D - +1 cloak of Puef Fam {rCorr Str+2}
rCorr   +          Rampage  .   (no gloves)
Will    .....                   (boots unavailable)
Stlth   ++........              m - amulet of the acrobat
HPRegen 0.16/turn               g - ring of poison resistance
MPRegen 0.16/turn               E - ring of protection from cold

@: flying quickly and evasively, quick
A: beak, talons 3, nimble flight
a: Renounce Religion


You were on level 7 of the Dungeon.
You worshipped Vehumet.
Vehumet was pleased with you.
You visited 1 branch of the dungeon, and saw 7 of its levels.

You collected 309 gold pieces.

Inventory:

Hand Weapons
 j - a +2 short sword of draining
 s - a +0 hunting sling
 z - a +0 dagger of venom (weapon)
 F - a +2 dagger of flaming
 I - a +4 dagger
Missiles
 d - 242 stones (quivered)
 e - 43 poisoned darts
 r - 59 sling bullets
 v - 2 boomerangs of dispersal
Armour
 a - a +0 robe (worn)
 b - a +0 leather armour
 D - the +1 cloak of Puef Fam (worn) {rCorr Str+2}
   (You acquired it on level 5 of the Dungeon)

   Str:       It affects your strength (+2).
   rCorr:     It protects you from acid and corrosion.
Jewellery
 g - a ring of poison resistance (left hand)
 m - an amulet of the acrobat (around neck)
 A - an amulet of magic regeneration
 E - a ring of protection from cold (right hand)
Wands
 y - a wand of digging (4)
Scrolls
 c - a scroll of blinking
 f - a scroll of acquirement
 h - a scroll of brand weapon {unknown}
 k - 3 scrolls of teleportation
 n - a scroll of fear {unknown}
 o - a scroll of fog {unknown}
 q - a scroll of noise {unknown}
 w - a scroll of enchant armour {unknown}
 x - a scroll of amnesia
 B - a scroll of summoning {unknown}
 C - 2 scrolls of identify
 G - a scroll of immolation {unknown}
Potions
 i - 3 potions of curing
 l - a potion of ambrosia
 p - a potion of might
 t - a potion of magic
 u - 2 potions of berserk rage
 J - a potion of resistance


   Skills:
 + Level 3.7 Fighting
 - Level 2.0 Short Blades
 - Level 2.0 Throwing
 - Level 2.1 Dodging
 - Level 2.0 Stealth
 * Level 6.1 Spellcasting
 * Level 9.8 Conjurations


You had 3 spell levels left.
You knew the following spells:

 Your Spells              Type           Power      Damage    Failure   Level
a - Magic Dart            Conj           100%       1d8       1%          1
b - Searing Ray           Conj           86%        2d7       1%          2
c - Dazzling Flash        Conj/Hex       48%        N/A       4%          3
d - Fulminant Prism       Conj/Hex       12%        3d9       14%         4
e - Iskenderun's Mystic   Conj/Tloc      24%        2d7       14%         4
f - Scorch                Fire           10%        2d5       17%         2

Your spell library contained the following spells:

 Spells                   Type           Power      Damage    Failure   Level
 Summon Small Mammal      Summ           20%        N/A       11%         1
 Frozen Ramparts          Ice            10%        1d3       32%         3
 Ice Form                 Ice/Tmut       5%         N/A       73%         4
 Summon Ice Beast         Ice/Summ       5%         N/A       73%         4
 Borgnjor's Revivificati  Necr           2%         N/A       100%        8
 Necromutation            Tmut/Necr      2%         N/A       100%        8
 Death's Door             Necr           2%         N/A       100%        9


Dungeon Overview and Level Annotations

Branches:
Dungeon (7/15)
 Temple: D:4-7

Altars:
Kikubaaqudgha
Sif Muna
Vehumet

Shops:
D:1 [

Annotations:
D:5 2 transporters, Crownlay's ghost, amateur GnIE
D:7 Duvessa


Innate Abilities, Weirdness & Mutations

You have a beak for a mouth.
You have claws for feet.
Your magical nature lets you fly swiftly and evasively.


Message History

You throw an atropa-tipped dart. The atropa-tipped dart hits Duvessa.
Duvessa appears confused.
Duvessa is severely wounded.
Casting: Searing Ray (safe; 1% risk of failure)
Confirm with . or Enter, or press ? or * to list all spells.
Aiming: Magic Dart (safe; 1% risk of failure)
Press: ? - help, Shift-Dir - straight line, f/p - Duvessa
Aim: Duvessa, wielding a +0 short sword and wearing a +2 leather armour of positive energy (translocational energy, severely wounded, berserk, confused, blind, 100% to hit)
The magic dart hits Duvessa!
Duvessa is almost dead.
Casting: Magic Dart (safe; 1% risk of failure)
Confirm with . or Enter, or press ? or * to list all spells.
Aiming: Magic Dart (safe; 1% risk of failure)
Press: ? - help, Shift-Dir - straight line, f/p - Duvessa
Aim: Duvessa, wielding a +0 short sword and wearing a +2 leather armour of positive energy (almost dead, berserk, blind, 100% to hit)
The magic dart hits Duvessa but does no damage.
Duvessa is almost dead.
The centaur skeleton closely misses you.
The centaur skeleton kicks you.
* * * LOW HITPOINT WARNING * * *
Casting: Magic Dart (safe; 1% risk of failure)
Confirm with . or Enter, or press ? or * to list all spells.
Aiming: Magic Dart (safe; 1% risk of failure)
Press: ? - help, Shift-Dir - straight line, f/p - Duvessa
Aim: Duvessa, wielding a +0 short sword and wearing a +2 leather armour of positive energy (almost dead, berserk, blind, 100% to hit)
The magic dart hits Duvessa.
Duvessa is almost dead.
The centaur skeleton hits you but does no damage.
The centaur skeleton misses you.
Casting: Magic Dart (safe; 1% risk of failure)
Confirm with . or Enter, or press ? or * to list all spells.
Aiming: Magic Dart (safe; 1% risk of failure)
Press: ? - help, Shift-Dir - straight line, f/p - Duvessa
Aim: Duvessa, wielding a +0 short sword and wearing a +2 leather armour of positive energy (almost dead, berserk, blind, 100% to hit)
The magic dart hits Duvessa but does no damage.
Duvessa is almost dead.
Duvessa is no longer blind.
The centaur skeleton closely misses you. x2
Duvessa hits you with a +0 short sword!
You die...

#...#...#.#
#.>.#...#.#
#.)(#...#.#
#.#.#.#.#..#
#.#.#.#.## #.#.#.#.#
(#...#..#
(#.Ze#.#########
..#..@#.........####
.#.#.#..............
.#.#.....<..#.###.
#.#.#........# ..
.#.........# .#
.#.#.....#... #
..#.########### .#..
..


You could see Duvessa (berserk) and a centaur skeleton.

Vanquished Creatures
  2 sky beasts
  An ice beast (D:3)
  An ogre (D:5)
  Blork the orc (D:6)
  Dowan (D:7)
  4 killer bees (D:5)
  An orc priest (D:6)
  4 jellies
  A hound (D:5)
  2 bullfrog skeletons
  A centaur skeleton (D:4)
  Ijyb (D:4)
  Terence (D:3)
  2 iguanas
  3 orc wizards
  A hound skeleton (D:4)
  Robin (D:4)
  A gnoll (D:1)
  7 adders
  A howler monkey skeleton (D:5)
  2 ufetubi (D:5)
  5 worms
  7 dart slugs
  18 orcs
  5 ball pythons
  8 endoplasms
  4 giant cockroaches
  15 goblins
  9 hobgoblins
  A jackal (D:2)
  7 kobolds
  4 quokkas
  8 bats
  2 frilled lizards
  10 rats
142 creatures vanquished.

Notes
Turn   | Place    | Note
-------+----------+-------------------------------------------
     0 | D:1      | Turgor the Tengu Conjurer began the quest for the Orb.
     0 | D:1      | Reached XP level 1. HP: 10/10 MP: 4/4
   256 | D:1      | Reached XP level 2. HP: 14/15 MP: 4/6
   414 | D:1      | Learned a level 2 spell: Searing Ray
   420 | D:1      | Found a faded altar of an unknown god.
   502 | D:1      | Found Zaintuzu's Armour Emporium.
   767 | D:1      | Reached XP level 3. HP: 19/19 MP: 4/7
   772 | D:1      | Reached skill level 1 in Throwing
   987 | D:1      | Learned a level 3 spell: Dazzling Flash
  1106 | D:2      | Reached skill level 6 in Conjurations
  1347 | D:2      | Reached XP level 4. HP: 24/24 MP: 5/9
  2422 | D:3      | Gained mutation: Your magical nature lets you fly swiftly
                  | and evasively. [Tengu growth]
  2422 | D:3      | Reached XP level 5. HP: 18/27 MP: 3/10
  2537 | D:3      | Noticed an ice beast
  2641 | D:3      | Found a radiant altar of Vehumet.
  2650 | D:3      | Became a worshipper of Vehumet
  2653 | D:3      | Found an ancient bone altar of Kikubaaqudgha.
  2654 | D:3      | Found a shimmering blue altar of Sif Muna.
  2658 | D:3      | Got Sif Muna's Collected Works on the Escort
  2893 | D:3      | Noticed Terence
  2903 | D:3      | Killed Terence
  3175 | D:4      | Reached skill level 1 in Short Blades
  3184 | D:4      | Noticed Robin
  3294 | D:4      | Learned a level 4 spell: Fulminant Prism
  3301 | D:4      | Reached skill level 1 in Fighting
  3731 | D:4      | Reached XP level 6. HP: 28/34 MP: 12/12
  3735 | D:4      | Reached skill level 7 in Conjurations
  4357 | D:4      | Noticed Ijyb
  4367 | D:4      | Killed Ijyb
  4390 | D:4      | Killed Robin
  4515 | D:4      | Reached * piety under Vehumet
  4515 | D:4      | Offered knowledge of Shock by Vehumet.
  4617 | D:5      | Entered Level 5 of the Dungeon
  4846 | D:4      | Reached XP level 7. HP: 39/39 MP: 12/14
  5237 | D:5      | Reached skill level 8 in Conjurations
  5304 | D:5      | Found a transporter.
  5318 | D:5      | Identified 2 scrolls of acquirement
  5318 | D:5      | Acquired the +1 cloak of Puef Fam {rCorr Str+2}
  5332 | D:5      | Noticed Crownlay's ghost (amateur GnIE)
  5364 | D:5      | Found a transporter.
  5743 | D:5      | Reached skill level 5 in Spellcasting
  5803 | D:5      | Reached XP level 8. HP: 16/45 MP: 0/16
  6203 | D:5      | Reached skill level 9 in Conjurations
  6451 | D:5      | Learned a level 4 spell: Iskenderun's Mystic Blast
  6547 | D:6      | Noticed Blork the orc
  6566 | D:6      | Noticed Pikel
  6567 | D:6      | Killed Blork the orc
  6767 | D:6      | Offered knowledge of Scorch by Vehumet.
  6782 | D:5      | Learned a level 2 spell: Scorch
  6908 | D:6      | Reached ** piety under Vehumet
  7244 | D:7      | Noticed Duvessa
  7245 | D:7      | Noticed Dowan
  7251 | D:7      | Killed Dowan
  7264 | D:7      | Slain by Duvessa

Illustrated notes

Levels and vault maps discovered:
D:1:      dpeg_arrival_radiant, layout_basic, basic_ecumenical_altar,
          serial_shops, shop
D:2:      layout_loops_ring, minmay_close_crescents
D:3:      minmay_door_path, layout_rooms, grunt_temple_overflow_magic_moments,
          grunt_ministairs_15, uniq_terence
D:4:      layout_gridville, uniq_ijyb, uniq_robin
D:5:      layout_basic, gammafunk_ghost_stat_death
D:6:      layout_rooms, minmay_holes, uniq_blork_the_orc, uniq_pikel
D:7:      nicolae_BIG_FREAKIN_CUBE, layout_basic,
          minmay_temple_entry_statues_pillars, minmay_joined_circles,
          uniq_maggie, uniq_duvessa

Skill      XL: |  1  2  3  4  5  6  7  8 |
---------------+-------------------------+-----
Throwing       | 1 2 |  2.0
Conjurations   | 6 7 8 9 |  9.8
Spellcasting   | 3 4 5 6 |  6.1
Short Blades   | 1 2 |  2.0
Fighting       | 1 2 3 |  3.7
Dodging        | |  2.1
Stealth        | |  2.0

Action                   |  1- 3 |  4- 6 |  7- 9 || total
-------------------------+-------+-------+-------++-------
Melee: Dagger            |     1 |     4 |    13 ||    18
       Kick              |     1 |     5 |     3 ||     9
       Short sword       |       |    11 |     1 ||    12
       Peck              |       |     3 |       ||     3
       Unarmed           |       |       |     1 ||     1
Throw: Dart              |       |    18 |    23 ||    41
 Cast: Magic Dart        |    66 |   132 |    57 ||   255
       Searing Ray       |       |    12 |    29 ||    41
  Use: Scroll            |       |     3 |     7 ||    10
       Potion            |       |       |     2 ||     2
Armor: Robe              |     3 |     4 |     7 ||    14
Dodge: Dodged            |     3 |    34 |    52 ||    89

Table legend: (Time is in decaauts)
 A = Elapsed time spent in this place.
 B = Non-inter-level travel time spent in this place.
 C = Inter-level travel time spent in this place.
 D = Time resting spent in this place.
 E = Time spent auto-exploring this place.
 F = Levels seen in this place.
 G = Mean time per level.
                   A        B        C        D        E       F      G
               +--------+--------+--------+--------+--------+-----+--------+
         Total |   7014 |   6599 |    415 |   1748 |   2679 |   7 | 1002.0 |
       Dungeon |   7014 |   6599 |    415 |   1748 |   2679 |   7 | 1002.0 |
               +--------+--------+--------+--------+--------+-----+--------+

Top non-repeatable levels by time:
     D:5: 1476 daAuts
     D:4: 1431 daAuts
     D:3: 1207 daAuts
     D:2: 1162 daAuts
     D:1: 1013 daAuts
     D:6: 679 daAuts
     D:7: 44 daAuts
